 Dungeon Crawl Stone Soup version 0.28-a0-957-g42eb19b844 (webtiles) character file.

Game seed: 5748379312081922672

74 browni3141 the Cudgeller (level 3, -3/30 HPs)
             Began as a Demigod Fighter on Nov 30, 2021.
             Killed from afar by Sigmund (6 damage)
             ... with a magic dart
             ... on level 2 of the Dungeon.
             The game lasted 00:03:26 (2312 turns).

browni3141 the Cudgeller (Demigod Fighter)          Turns: 2312, Time: 00:03:26

Health: -3/30      AC:  8    Str: 24    XL:     3   Next: 85%
Magic:  5/5        EV:  9    Int: 10    God:
Gold:   62         SH:  4    Dex: 13    Spells: 2/2 levels left

rFire   . . .      SeeInvis .   a - +0 flail
rCold   . . .      Faith    .   c - +0 buckler
rNeg    . . .      Spirit   .   b - +0 scale mail
rPois   .          Reflect  .   (no helmet)
rElec   .          Harm     .   g - scarf {shadows}
rCorr   .          Rampage  .   h - +1 pair of gloves {Str+3}
Will    .....                   (no boots)
Stlth   ..........              (no amulet)
HPRegen 0.10/turn               (no ring)
MPRegen 0.09/turn               (no ring)

@: no status effects
A: high mp 1, forlorn
a: no special abilities


You were on level 2 of the Dungeon.
You visited 1 branch of the dungeon, and saw 3 of its levels.

You collected 62 gold pieces.

Inventory:

Hand Weapons
 a - a +0 flail (weapon)
Missiles
 i - 3 boomerangs (quivered)
Armour
 b - a +0 scale mail (worn)
 c - a +0 buckler (worn)
 g - a scarf of shadows (worn)
 h - a +1 pair of gloves of strength (worn)
Scrolls
 d - a scroll of teleportation {unknown}
 f - a scroll of fog {unknown}
Potions
 e - a potion of haste {unknown}


   Skills:
 - Level 2.6 Fighting
 * Level 4.0 Maces & Flails
 - Level 2.6 Armour
 - Level 2.6 Shields


You had 2 spell levels left.
You didn't know any spells.
Your spell library contained the following spells:

 Spells                   Type           Power      Damage    Failure   Level
 Ensorcelled Hibernation  Hex/Ice        0%         N/A       86%         2
 Spider Form              Tmut/Pois      0%         N/A       97%         3


Dungeon Overview and Level Annotations

Branches:
Dungeon (3/15)

Annotations:
D:2 Sigmund


Innate Abilities, Weirdness & Mutations

Your attributes grow dramatically as you level up.
You have an increased reservoir of magic. (+10% MP)
You shall have no god before yourself.


Message History

You are confused.
Sigmund hits you but does no damage.
Unknown command.
You are too confused!
You hit Sigmund.
Sigmund is heavily wounded.
You barely miss Sigmund.
Sigmund is heavily wounded.
Sigmund gestures at you while chanting.
The magic dart hits you but does no damage.
You hit Sigmund.
Sigmund is heavily wounded.
Sigmund points at you and mumbles some strange words.
You resist with some effort. Sigmund gestures at you while chanting.
The magic dart hits you but does no damage.
Sigmund gestures at you while chanting.
You are more confused.
Sigmund points at you and mumbles some strange words.
The magic dart hits you!
You hit Sigmund but do no damage.
Sigmund is heavily wounded.
Sigmund hits you but does no damage.
You're too confused to move!
You hit Sigmund.
Sigmund is severely wounded.
Sigmund barely misses you.
You closely miss Sigmund.
Sigmund is severely wounded.
You feel less confused. Sigmund barely misses you.
You closely miss Sigmund.
Sigmund is severely wounded.
Sigmund hits you with a +0 scythe.
* * * LOW HITPOINT WARNING * * *
Sigmund hits you from afar with a +0 scythe.
* * * LOW HITPOINT WARNING * * *
Sigmund casts a spell at you. The magic dart hits you.
You die...

.................# #.#
....#.#....#'#'######.#
..#.#.#...............#
......#...........#####
......#........@..######
##....#....#...#........
...............#.#######
...............#.#
...##..........#@##
......###.........######
..#.....#.........'....#
[.................####.#
..................'....#
........#.........######
........#.........##
##.#+####..........#
##.#.####..........#


You could see Sigmund.

Vanquished Creatures
  3 adders
  2 dart slugs
  An orc (D:2)
  5 ball pythons
  5 endoplasms
  2 giant cockroaches
  3 goblins
  4 hobgoblins
  A quokka (D:2)
  5 bats
  6 kobolds (D:1)
  6 rats
43 creatures vanquished.

Notes
Turn   | Place    | Note
-------+----------+-------------------------------------------
     0 | D:1      | browni3141 the Demigod Fighter began the quest for the Orb.
     0 | D:1      | Reached XP level 1. HP: 18/18 MP: 3/3
    43 | D:1      | Reached skill level 2 in Maces & Flails
   393 | D:1      | Reached XP level 2. HP: 22/25 MP: 4/4
   848 | D:2      | Reached skill level 3 in Maces & Flails
  1111 | D:2      | Noticed Sigmund
  1192 | D:3      | Reached XP level 3. HP: 8/30 MP: 5/5
  1889 | D:2      | Reached skill level 4 in Maces & Flails
  2312 | D:2      | Killed from afar by Sigmund

Illustrated notes

Levels and vault maps discovered:
D:1:      sevenhm_arrival_forest_fort_small_6, layout_basic,
          shapermc_ecumenical_altar_mp_vishouse, st_stairs_13
D:2:      layout_basic, uniq_sigmund
D:3:      minmay_skewed_foursquare, layout_loops_ring, minmay_box_of_dots

Skill      XL: |  1  2  3 |
---------------+----------+-----
Maces & Flails | 2 3 4 |  4.0
Fighting       | |  2.6
Armour         | |  2.6
Shields        | |  2.6

Action                   || total
-------------------------++-------
Melee: Flail             ||   162
  Use: Potion            ||     1
Armor: Scale mail        ||    73
Dodge: Dodged            ||    77
Block: Buckler           ||    34

Table legend: (Time is in decaauts)
 A = Elapsed time spent in this place.
 B = Non-inter-level travel time spent in this place.
 C = Inter-level travel time spent in this place.
 D = Time resting spent in this place.
 E = Time spent auto-exploring this place.
 F = Levels seen in this place.
 G = Mean time per level.
                   A        B        C        D        E       F      G
               +--------+--------+--------+--------+--------+-----+--------+
         Total |   2357 |   2322 |     35 |      4 |   1880 |   3 |  785.7 |
       Dungeon |   2357 |   2322 |     35 |      4 |   1880 |   3 |  785.7 |
               +--------+--------+--------+--------+--------+-----+--------+

Top non-repeatable levels by time:
     D:2: 1066 daAuts
     D:1: 840 daAuts
     D:3: 450 daAuts
